[Event "*** Titled Tuesday Blitz"]
[Site "Chess.com"]
[Date "2021.04.27"]
[Round "1"]
[White "Logman74"]
[Black "NicoChasin"]
[Result "0-1"]
[WhiteElo "2322"]
[BlackElo "2658"]
[TimeControl "180+1"]
[EndTime "10:06:49 PDT"]
[Termination "NicoChasin won on time"]

1. e4 c5 2. Nf3 e6 3. d4 cxd4 4. Nxd4 Nc6 5. Nc3 Qc7 6. Be2 a6 7. O-O Nf6 8. Be3 Bb4 9. Nxc6 bxc6 10. Na4 Nxe4 11. Qd4 c5 12. Qxe4 Bb7 13. Qg4 h5 14. Qg3 d6 15. c3 Ba5 16. Nxc5 dxc5 17. Qxg7 O-O-O 18. Qf6 Rhg8 19. Bf3 Rg6 20. Qf4 e5 21. Qf5+ Kb8 22. Bxb7 Qxb7 23. f3 Qe7 24. Rae1 Rdg8 25.
Rf2 Bc7 26. b4 cxb4 27. cxb4 Qe6 28. Qe4 f5 29. Qd3 Rd8 30. Qc3 Qc6 31. Qxc6 Rxc6 32.
Bc5 Rd3 33. a4 a5 34. Rb2 Kc8 35. Bf2 axb4 36. Rxb4 Ba5 37. Rbb1 Bxe1 38. Rxe1 Re6 39. a5 Kb7 40. Bb6 e4 41. fxe4 Rxe4 42. Rf1 f4 43.
Rb1 Ka6 44. h3 Re2 45. Kh1 Rdd2 46. Rg1 f3 47. h4 Rxg2 48. Rxg2 Rxg2 49. Bc7 Rg4 50.
Bb6 Kb5 51. Kh2 Rg6 52. Kh3 Kc4 53. Bf2 Kd3 54. Bc5 Ke2 0-1

[Event "*** Titled Tuesday Blitz"]
[Site "Chess.com"]
[Date "2021.04.27"]
[Round "1"]
[White "MARVELandDCforLIFE"]
[Black "Omk124"]
[Result "0-1"]
[WhiteElo "2226"]
[BlackElo "2558"]
[TimeControl "180+1"]
[EndTime "10:06:49 PDT"]
[Termination "Omk124 won by checkmate"]

1. e4 g6 2. d4 Bg7 3. Nc3 c6 4. g3 d6 5. Bg2 Nf6 6. Nge2 O-O 7.
O-O Nbd7 8. h3 e5 9. Be3 Re8 10. Qd2 Qe7 11. f4 exf4 12. Nxf4 Nb6 13. b3 Be6 14. Rae1 Rad8 15. a4 d5 16. e5 Ne4 17.
Nxe4 dxe4 18. Qf2 f5 19. exf6 Qxf6 20. Bxe4 Bxb3 21. Bxg6 hxg6 22. cxb3 Qf7 23. a5 Nd5 24. Nxd5 Qxd5 25. Kh2 Qxb3 26. Bg5 Rxe1 27. Rxe1 Rxd4 28.
Bf6 Bxf6 29. Qxf6 Rd2+ 30. Kh1 Qd5+ 31. Kg1 Qg2# 0-1

[Event "*** Titled Tuesday Blitz"]
[Site "Chess.com"]
[Date "2021.04.27"]
[Round "1"]
[White "TokChess"]
[Black "BAS8892"]
[Result "0-1"]
[WhiteElo "2401"]
[BlackElo "2738"]
[TimeControl "180+1"]
[EndTime "10:06:51 PDT"]
[Termination "BAS8892 won by resignation"]

1. Nf3 Nf6 2. d4 d5 3. c4 c6 4.
e3 Bf5 5. Nc3 e6 6. Be2 h6 7.
O-O Be7 8. b3 O-O 9. Bb2 Nbd7 10. h3 a5 11. Na4 Ne4 12. Nd2 Bd6 13. Nxe4 dxe4 14. d5 exd5 15. cxd5 c5 16. Nc3 Be5 17.
Qc2 Qf6 18. Rad1 Rfe8 19. Na4 Rac8 20. Bb5 Bxb2 21. Qxb2 Qg5 22. Kh1 Re5 23. Bxd7 Bxd7 24. Nb6 Rd8 25. Nxd7 Rxd7 26. d6 Rd5 27. Qc3 b6 28. Qc4 R7xd6 29. Rxd5 Qxd5 30. Qb5 Kh7 31. Kg1 Qc6 32. Qc4 f5 33. Qc3 Rd3 34. Qc4 Qd5 35.
Qb5 Qd6 36. Qc4 Rd2 37. a4 Rd3 38. h4 Qd5 39. Qxd5 Rxd5 40. Rb1 Kg6 41. Kf1 Kh5 42. Ke2 Kxh4 0-1

[Event "*** Titled Tuesday Blitz"]
[Site "Chess.com"]
[Date "2021.04.27"]
[Round "1"]
[White "A-S-00"]
[Black "Vice64"]
[Result "0-1"]
[WhiteElo "2329"]
[BlackElo "2661"]
[TimeControl "180+1"]
[EndTime "10:06:52 PDT"]
[Termination "Vice64 won by resignation"]

1. d4 Nf6 2. c4 e6 3. Nc3 Bb4 4. Qc2 Nc6 5. e3 O-O 6. Bd3 d6 7. Ne2 e5 8. O-O Bxc3 9. bxc3 Re8 10. e4 Bg4 11. f3 Bh5 12. Rb1 Rb8 13. Be3 b6 14. Ng3 Bg6 15. f4 Ng4 16. Bc1 Qh4 17.
h3 Qxg3 18. hxg4 exf4 19. Rxf4 Re7 20. Bd2 Nd8 21. Rbf1 Ne6 22. Be1 Qe3+ 23. R4f2 Qg5 24. Qe2 h6 25. Bd2 Qh4 26. Be1 Qg5 27. Bd2 Qa5 28. Be1 Rbe8 29. Qf3 Ng5 30. Qg3 Bxe4 31. Be2 Bg6 32. Bd2 Ne4 33. Qf4 Nxf2 34. Rxf2 Rxe2 0-1

[Event "*** Titled Tuesday Blitz"]
[Site "Chess.com"]
[Date "2021.04.27"]
[Round "1"]
[White "BursaBBSatranc"]
[Black "VladaSviridova"]
[Result "1-0"]
[WhiteElo "2605"]
[BlackElo "2280"]
[TimeControl "180+1"]
[EndTime "10:06:52 PDT"]
[Termination "BursaBBSatranc won by checkmate"]

1. d4 d5 2. Nf3 Nf6 3. Bf4 c5 4. e3 Nc6 5. c3 e6 6. Nbd2 Bd6 7. Bg3 O-O 8. Bb5 Be7 9. Bd3 Nh5 10. Qe2 Qa5 11.
Ne5 g6 12. Ndf3 cxd4 13. exd4 f6 14. Nxc6 bxc6 15. O-O c5 16. a3 c4 17. Bc2 Nxg3 18. fxg3 Rb8 19. Rab1 Bd7 20. g4 g5 21. g3 Rf7 22. h4 Rbf8 23. hxg5 fxg5 24. Ne5 Rxf1+ 25. Rxf1 Rxf1+ 26. Kxf1 Be8 27. Qh2 Bg6 28. Nxg6 hxg6 29. Bxg6 Bf6 30. Qh7+ Kf8 31. Qf7# 1-0

[Event "*** Titled Tuesday Blitz"]
[Site "Chess.com"]
[Date "2021.04.27"]
[Round "1"]
[White "MFBerna"]
[Black "dropstoneDP"]
[Result "1/2-1/2"]
[WhiteElo "2464"]
[BlackElo "2920"]
[TimeControl "180+1"]
[EndTime "10:06:53 PDT"]
[Termination "Game drawn by repetition"]

1. e4 c5 2. Nf3 e6 3. d4 cxd4 4. Nxd4 Nf6 5. Nc3 d6 6. Be2 a6 7.
O-O Be7 8. f4 O-O 9. Qe1 Qc7 10.
Kh1 Nc6 11. Be3 Nxd4 12. Bxd4 e5 13. fxe5 dxe5 14. Qg3 Bd6 15. Be3 Kh8 16. Rxf6 gxf6 17. Qh4 Be7 18. Nd5 Qd8 19. Rd1 Rg8 20. Bb6 Qf8 21.
Nxe7 Qxe7 22. Bc5 Qe6 23. Rd6 Qe7 24. Rd3 Qe6 25. Rd6 Qe7 26. Rd3 Qe6 27. Rd6 1/2-1/2

[Event "*** Titled Tuesday Blitz"]
[Site "Chess.com"]
[Date "2021.04.27"]
[Round "1"]
[White "profofchess"]
[Black "Vigorito-NE"]
[Result "0-1"]
[WhiteElo "2489"]
[BlackElo "2508"]
[TimeControl "180+1"]
[EndTime "10:06:53 PDT"]
[Termination "Vigorito-NE won by resignation"]

1. e4 c5 2. Nf3 d6 3. d4 cxd4 4. Qxd4 Nf6 5. Be2 Nc6 6. Qe3 g6 7. O-O Bg7 8. Rd1 Qb6 9. h3 Qxe3 10. Bxe3 Nxe4 11. c3 O-O 12. Na3 b6 13. Nb5 Bb7 14.
Nc7 Rac8 15. Nd5 e6 16. Nf4 d5 17. Nd3 Rfd8 18. Ng5 Nxg5 19. Bxg5 Re8 20. Rac1 h6 21.
Bh4 Na5 22. Rc2 Nc4 23. Bf1 f5 24. Bg3 g5 25. Nc1 f4 26. Bh2 e5 27. Nb3 Kf7 28.
Nd2 Nd6 29. Nf3 Nf5 30. Bb5 Red8 31. Ba4 e4 32. Ne1 d4 33. Bb3+ Ke7 34. Rcc1 d3 35.
Rb1 d2 36. Nc2 e3 37. fxe3 Nxe3 38. Nxe3 fxe3 0-1

[Event "*** Titled Tuesday Blitz"]
[Site "Chess.com"]
[Date "2021.04.27"]
[Round "1"]
[White "WildBizon"]
[Black "chessbia"]
[Result "0-1"]
[WhiteElo "2601"]
[BlackElo "2332"]
[TimeControl "180+1"]
[EndTime "10:06:54 PDT"]
[Termination "chessbia won by checkmate"]

1. e4 e5 2. Nf3 Nc6 3. Bb5 a6 4.
Ba4 Nf6 5. O-O Be7 6. Re1 b5 7. Bb3 d6 8. c3 O-O 9. h3 Nb8 10. d4 Nbd7 11. Nbd2 c5 12. Bc2 Qc7 13. Nf1 Re8 14.
Ng3 g6 15. Kh2 Bf8 16. d5 c4 17. Be3 Nc5 18. Nd2 Bd7 19. Qf3 Be7 20. Ne2 Nh5 21. g4 Ng7 22. Rg1 Qd8 23. Ng3 Bg5 24. Nh5 gxh5 25. gxh5 f6 26. h6 Re7 27. Bxg5 fxg5 28. Rxg5 Rf7 29. Qg2 Qf8 30. Rg1 Rxf2 31. Rxg7+ Kh8 32.
Rg8+ Qxg8 33. Qxf2 Qf8 34. Qh4 Qf7 35. Rg7 Qf8 36.
Qg3 Re8 37. Nf3 Re7 38. Qg5 Rxg7 39. hxg7+ Qxg7 40. Qd8+ Qf8 41. Qf6+ Qxf6 42. Kg3 Qf4+ 43. Kf2 Nxe4+ 44. Bxe4 Qxe4 45. Kg3 Qf4+ 46. Kg2 e4 47.
Nd4 e3 48. Nf3 Bf5 49. h4 Be4 50. Kg1 Qxf3 51. Kh2 Qg2# 0-1

[Event "*** Titled Tuesday Blitz"]
[Site "Chess.com"]
[Date "2021.04.27"]
[Round "1"]
[White "JoseRemolar"]
[Black "platy3"]
[Result "0-1"]
[WhiteElo "2437"]
[BlackElo "2849"]
[TimeControl "180+1"]
[EndTime "10:06:55 PDT"]
[Termination "platy3 won by resignation"]

1. d4 Nf6 2. c4 e6 3. Nf3 d5 4.
Nc3 dxc4 5. e4 b5 6. e5 Nd5 7.
Nxb5 Nb6 8. Be2 Be7 9. O-O Nc6 10.
Be3 O-O 11. Rc1 Rb8 12. Qc2 Ba6 13. Na3 Bxa3 14. bxa3 h6 15. Rfd1 Ne7 16. Nd2 Nf5 17. Nxc4 Nd5 18. Qd2 Qh4 19. Na5 Bxe2 20. Qxe2 Qe4 21.
Qd3 Qg4 22. h3 Qg6 23. Nc6 Rb2 24. Rd2 Rxd2 25. Bxd2 a6 26. Nb4 Nxb4 27. Bxb4 Rd8 28. Bc5 Qg5 29. Re1 Nh4 30. Qg3 Qd2 31. Qe3 Qxa2 32.
Be7 Nf5 33. Bxd8 Nxe3 34. fxe3 Qxa3 35. Kf2 Qc3 36. Rb1 Qc2+ 0-1

[Event "*** Titled Tuesday Blitz"]
[Site "Chess.com"]
[Date "2021.04.27"]
[Round "1"]
[White "Sueetin"]
[Black "Fraler15"]
[Result "1-0"]
[WhiteElo "2527"]
[BlackElo "2188"]
[TimeControl "180+1"]
[EndTime "10:06:55 PDT"]
[Termination "Sueetin won by resignation"]

1. d4 Nf6 2. c4 e6 3. Nf3 d5 4.
g3 dxc4 5. Bg2 Be7 6. O-O O-O 7. Qc2 c5 8. Qxc4 cxd4 9. Nxd4 e5 10. Nb3 Nbd7 11.
Rd1 Rb8 12. Be3 a6 13. Qc2 e4 14. Nc3 b5 15. Nxe4 Bb7 16. Nxf6+ Bxf6 17. Bh3 Bc8 18. Nc5 Qc7 19. Bxd7 Bb7 20. Qb3 Rfd8 21. Nxb7 Qxb7 22.
Bg4 Rxd1+ 23. Rxd1 a5 24. Bf3 Qc7 25. Bf4 Be5 26. Bxe5 Qxe5 27. Rd5 Qf6 28. Rxb5 Rd8 29. Rb8 h6 30. Rxd8+ Qxd8 31. Kg2 g6 32. h4 Kg7 33. Qc3+ Kg8 34. a3 h5 35. b4 axb4 36. axb4 Qd1 37.
Qb2 Qd7 38. b5 Qd8 39. b6 Qb8 40. b7 Kh7 41. Qc3 1-0

[Event "*** Titled Tuesday Blitz"]
[Site "Chess.com"]
[Date "2021.04.27"]
[Round "1"]
[White "Karttunen"]
[Black "MuhittinBuker"]
[Result "1-0"]
[WhiteElo "2521"]
[BlackElo "2163"]
[TimeControl "180+1"]
[EndTime "10:06:57 PDT"]
[Termination "Karttunen won by resignation"]

1. e4 e5 2. Nf3 Nc6 3. Bb5 a6 4. Ba4 Nf6 5. O-O Be7 6. Re1 b5 7. Bb3 O-O 8. c3 d5 9. exd5 Nxd5 10. Nxe5 Nxe5 11. Rxe5 c6 12. d3 Bd6 13. Re1 Ra7 14. Nd2 Re7 15. Ne4 Bb8 16. Bg5 f6 17. Bh4 Rfe8 18.
Rf1 Bf5 19. f3 Kh8 20. Bf2 Qc7 21. g3 Bg6 22. c4 Nb6 23. Rc1 f5 24. Nc5 b4 25.
Nxa6 Qb7 26. Nxb8 Qxb8 27. d4 Nd7 28. Qd2 f4 29. Rce1 Nf6 30. Rxe7 Rxe7 31. Re1 Rxe1+ 32.
Qxe1 h5 33. Qe5 fxg3 34. Qxb8+ 1-0

[Event "*** Titled Tuesday Blitz"]
[Site "Chess.com"]
[Date "2021.04.27"]
[Round "1"]
[White "Nafania1"]
[Black "BrandonJacobson"]
[Result "1/2-1/2"]
[WhiteElo "2480"]
[BlackElo "2942"]
[TimeControl "180+1"]
[EndTime "10:06:58 PDT"]
[Termination "Game drawn by agreement"]

1. e4 c5 2. Nf3 Nc6 3. Bb5 e6 4. O-O Nge7 5. d4 cxd4 6. Nxd4 Ng6 7. Be3 Be7 8. Be2 O-O 9. c4 Nxd4 10. Bxd4 b6 11.
Nc3 Bb7 12. f4 d6 13. Be3 Bf6 14. Bd3 Rc8 15. Rc1 a6 16. Qd2 Qc7 17. Qf2 Qb8 18. Bxb6 Bh4 19. g3 Bf6 20. Bd4 e5 21. Ba7 Qa8 22. f5 Ne7 23. Nd5 Nxd5 24. cxd5 Bg5 25. Be3 Bxe3 26. Qxe3 f6 27. Rxc8 Bxc8 28. Rc1 Qb7 29.
b3 Qb4 30. Rc4 Qa3 31. Qd2 Bd7 32. Rc7 Bb5 33. Bxb5 axb5 34. Rc6 h6 35. Rc2 Ra8 36. Kg2 Kh7 37. g4 1/2-1/2

[Event "*** Titled Tuesday Blitz"]
[Site "Chess.com"]
[Date "2021.04.27"]
[Round "1"]
[White "KuzubovYuriy"]
[Black "Mikhal867"]
[Result "1-0"]
[WhiteElo "2865"]
[BlackElo "2440"]
[TimeControl "180+1"]
[EndTime "10:06:58 PDT"]
[Termination "KuzubovYuriy won by resignation"]

1. d4 g6 2. e4 Bg7 3. Nf3 d6 4. Bd3 a6 5. a4 b6 6. O-O Bb7 7.
Re1 c5 8. d5 Nd7 9. c4 Ngf6 10.
h3 O-O 11. Nc3 h6 12. Bf4 Nh5 13. Bh2 Kh7 14. Qc2 Ne5 15. Nxe5 Bxe5 16. Bxe5 dxe5 17. a5 Rb8 18. Na4 bxa5 19. Nxc5 Qc7 20. Nxb7 Rxb7 21. c5 Rfb8 22. Ra2 Nf4 23. Bxa6 Rb4 24. Bf1 g5 25. Rd1 Kg7 26. Qc3 f6 27. g3 Ng6 28. d6 exd6 29. Rxd6 Rxe4 30. Qxa5 Qxa5 31. Rxa5 Rxb2 32. Ra7+ Kg8 33.
Rd8+ Nf8 34. Raa8 Rb1 35. Rxf8+ Kg7 36. Rfb8 Rxb8 37. Rxb8 Re1 38. Kg2 Rc1 39. Rc8 Kf7 40. Bd3 Ke7 41. Bf5 h5 42. g4 hxg4 43. hxg4 Rc4 44. Kf3 Rf4+ 45. Ke3 Rc4 46. Rc7+ Kd8 47. Rd7+ Ke8 48. Rd5 Ke7 49. Bd7 Rc3+ 50. Ke4 Rc4+ 51. Kf5 Rf4+ 52. Kg6 Rxf2 53. c6 Rc2 54. Rd1 Rc4 55. Rh1 e4 56. Re1 Rd4 57. Bf5 Kd6 58. Rxe4 Rd1 59. Re6+ Kc7 60. Rxf6 1-0

[Event "*** Titled Tuesday Blitz"]
[Site "Chess.com"]
[Date "2021.04.27"]
[Round "1"]
[White "BvsN"]
[Black "sokidze"]
[Result "0-1"]
[WhiteElo "2376"]
[BlackElo "2711"]
[TimeControl "180+1"]
[EndTime "10:07:00 PDT"]
[Termination "sokidze won by resignation"]

1. c4 c5 2. Nf3 Nc6 3. e3 Nf6 4. Nc3 e5 5. d4 e4 6. d5 exf3 7. dxc6 dxc6 8. Qxd8+ Kxd8 9. gxf3 Kc7 10. Be2 Be6 11.
b3 Be7 12. Bb2 Rhd8 13. Ne4 Nxe4 14. fxe4 g6 15. Rd1 a5 16. Be5+ Kb6 17. a4 f5 18.
exf5 Bxf5 19. Rc1 Bh4 20. O-O Rd2 21. Bf3 Bd3 22. Rfd1 Bxf2+ 23. Kh1 Rxd1+ 24. Rxd1 Rd8 25. Bf6 Rd7 26. Bg5 Be4 27. Bxe4 Rxd1+ 28. Kg2 Rg1+ 29. Kxf2 Rxg5 30. h4 Re5 31. Kf3 Kc7 32. Kf4 Kd6 33.
Bf3 Ke6 34. Bg4+ Kf6 35. e4 h5 36. Bc8 b6 37. Bd7 g5+ 38. hxg5+ Rxg5 39. Bxc6 h4 40. Bd7 Rg3 41. e5+ Ke7 42. Bf5 Rxb3 43.
Kg4 Rb4 44. Kxh4 Rxc4+ 45. Kg5 Rxa4 0-1

[Event "*** Titled Tuesday Blitz"]
[Site "Chess.com"]
[Date "2021.04.27"]
[Round "1"]
[White "Srisshhhtea"]
[Black "elcandado"]
[Result "1/2-1/2"]
[WhiteElo "2341"]
[BlackElo "2660"]
[TimeControl "180+1"]
[EndTime "10:07:01 PDT"]
[Termination "Game drawn by agreement"]

1. d4 Nf6 2. c4 e6 3. Nf3 d5 4. g3 Be7 5. Bg2 O-O 6. O-O dxc4 7. Qc2 a6 8. a4 Bd7 9. Ne5 Bc6 10. Nxc6 Nxc6 11.
e3 Na5 12. Nd2 c5 13. dxc5 Rc8 14. b4 cxb3 15. Nxb3 Nxb3 16. Qxb3 Nd7 17. Qxb7 Nxc5 18. Qb1 Qa5 19. Qa2 Rb8 20. Bd2 Qc7 21. Rfc1 Qd7 22. Rd1 Qc7 23. Rac1 Qb6 24. a5 Qb3 25. Qxb3 Nxb3 26.
Rb1 Nxd2 27. Rxb8 Rxb8 28. Rxd2 Rb1+ 29. Bf1 g6 30. Rd7 Bb4 31. Rb7 Rb2 32. Rb6 Bc3 33. Bxa6 Ra2 34. Rb1 Bxa5 1/2-1/2

[Event "*** Titled Tuesday Blitz"]
[Site "Chess.com"]
[Date "2021.04.27"]
[Round "1"]
[White "Chernov_Alexander_A"]
[Black "azikom"]
[Result "0-1"]
[WhiteElo "2316"]
[BlackElo "2654"]
[TimeControl "180+1"]
[EndTime "10:07:01 PDT"]
[Termination "azikom won on time"]

1. Nf3 d5 2. g3 Nf6 3. Bg2 c6 4. O-O Bg4 5. d3 Nbd7 6. h3 Bh5 7. Qe1 e5 8. e4 dxe4 9. dxe4 Qc7 10. Nh4 Bc5 11. Kh1 O-O 12. f4 exf4 13. gxf4 Rfe8 14. e5 Nd5 15. Qg3 Bf8 16. Nc3 Nxc3 17. bxc3 f6 18.
c4 fxe5 19. f5 Nf6 20. Bb2 Bf7 21. Rg1 Nh5 22. Qg5 e4 23. Bf1 Qf4 24. Rg4 Qxg5 25.
Rxg5 Be7 26. Rxh5 Bxh5 27. Ng2 Bf3 28. Kg1 Rf8 29. Ne3 Bc5 30. Re1 Rxf5 31. Kh2 Rf7 32.
Ng4 Rd8 33. Bc3 h5 34. Ne5 Bd6 35. Kg1 Bxe5 36. Bxe5 Rd2 0-1

[Event "*** Titled Tuesday Blitz"]
[Site "Chess.com"]
[Date "2021.04.27"]
[Round "1"]
[White "dragos420"]
[Black "secretsuperstar7"]
[Result "1-0"]
[WhiteElo "2562"]
[BlackElo "2231"]
[TimeControl "180+1"]
[EndTime "10:07:02 PDT"]
[Termination "dragos420 won on time"]

1. e4 c5 2. Nf3 d6 3. d4 cxd4 4.
Nxd4 Nf6 5. Nc3 a6 6. Be3 Nc6 7.
f3 e6 8. Qd2 Be7 9. g4 Qc7 10.
O-O-O b5 11. Qf2 Ne5 12. g5 Nfd7 13. h4 Bb7 14. Kb1 Nc4 15. Bc1 Rc8 16. Bd3 Nc5 17. Ndxb5 axb5 18. Nxb5 Qb6 19. Bxc4 Ba6 20. Na3 Rb8 21.
b3 Qa5 22. Bb2 Ra8 23. Qd2 Qb6 24. Bxa6 Qxa6 25. Rhe1 O-O 26. f4 Rfd8 27. f5 d5 28. exd5 Rxd5 29. Qxd5 exd5 30. Rxe7 Ne4 31. Re5 Nc3+ 32.
Bxc3 Qxa3 33. Rexd5 Qxa2+ 34. Kc1 Qa3+ 35. Bb2 1-0

[Event "*** Titled Tuesday Blitz"]
[Site "Chess.com"]
[Date "2021.04.27"]
[Round "1"]
[White "Iball95"]
[Black "GMJustin"]
[Result "1-0"]
[WhiteElo "2620"]
[BlackElo "2292"]
[TimeControl "180+1"]
[EndTime "10:07:03 PDT"]
[Termination "Iball95 won on time"]

1. e4 c5 2. Nf3 d6 3. Bb5+ Bd7 4.
Bxd7+ Qxd7 5. c4 Nf6 6. Nc3 g6 7. d4 cxd4 8. Nxd4 Bg7 9. f3 O-O 10. Be3 Nc6 11. b3 Rac8 12. Rc1 Qd8 13. O-O Qa5 14. Qd2 a6 15. Rfd1 Rfd8 16. a4 Qb4 17.
Qc2 Nxd4 18. Bxd4 e6 19. Kh1 d5 20. exd5 exd5 21. Bxf6 Bxf6 22. Nxd5 Qd6 23. a5 Qc6 24. Qe4 Kg7 25. Nxf6 Rxd1+ 26. Rxd1 Qxf6 27. Qxb7 Rd8 28. Rg1 Rd2 29. h3 Rb2 30. b4 1-0

[Event "*** Titled Tuesday Blitz"]
[Site "Chess.com"]
[Date "2021.04.27"]
[Round "1"]
[White "ArjunErigaisi2003"]
[Black "Alex-11211"]
[Result "1-0"]
[WhiteElo "2879"]
[BlackElo "2443"]
[TimeControl "180+1"]
[EndTime "10:07:04 PDT"]
[Termination "ArjunErigaisi2003 won on time"]

1. e4 g6 2. d4 Bg7 3. Nc3 c5 4.
d5 d6 5. f4 Nf6 6. Nf3 O-O 7.
Be2 Na6 8. O-O Nc7 9. a4 a6 10. a5 Bd7 11. e5 Nfe8 12. Re1 Bb5 13. Be3 Bxe2 14. Rxe2 Nb5 15. Ne4 c4 16. Bb6 Qd7 17.
Qd2 Nec7 18. Rd1 Rac8 19. c3 Na8 20. Bf2 Qc7 21. exd6 exd6 22. f5 Rfe8 23. Rde1 Qd7 24. Qg5 Nac7 25. f6 Bf8 26. g4 h6 27. Qh4 Nxd5 28.
Bg3 Re6 29. Rd2 Qc6 30. Red1 Rxe4 31. Rxd5 Rce8 32. Qh3 Qd7 33. Qg2 Qxg4 34. R5d2 Qe6 35. Rf1 Qxf6 36. Nd4 Qe7 37. Rdf2 Nxd4 38. cxd4 f5 39.
Bxd6 Qxd6 40. Rxf5 Bg7 41. Rf7 Qxd4+ 42. Kh1 Re2 43. Qxg6 Qd5+ 44. R7f3 Rf8 45. Qh5 Rxf3 46. Qxd5+ 1-0

[Event "*** Titled Tuesday Blitz"]
[Site "Chess.com"]
[Date "2021.04.27"]
[Round "1"]
[White "LifeIsAllAboutChess23"]
[Black "WuinaterJr"]
[Result "0-1"]
[WhiteElo "2188"]
[BlackElo "2529"]
[TimeControl "180+1"]
[EndTime "10:07:04 PDT"]
[Termination "WuinaterJr won by checkmate"]

1. d4 Nf6 2. Bg5 d5 3. Nd2 c5 4. e3 Nc6 5. c3 Bf5 6. f4 Rc8 7. dxc5 e6 8. b4 Be7 9. Ngf3 O-O 10. Nd4 h6 11. Bh4 Ne4 12. Bxe7 Qxe7 13. Nxe4 Bxe4 14.
Qd2 a5 15. a3 e5 16. Nxc6 bxc6 17. fxe5 Qxe5 18. Bd3 Rfe8 19. Bxe4 Qxe4 20. Kf2 axb4 21. axb4 Qf5+ 22. Ke1 Re4 23. Rf1 Qe5 24. Rf3 Qxh2 25.
Kf2 Rce8 26. Qd3 Qh4+ 27. Kg1 Qg5 28. Kf2 Rg4 29. Rg1 Qh4+ 30. Kf1 Rge4 31. Rh3 Qg5 32. Kf2 Ra8 33. Re1 Rg4 34. Qf1 Ra2+ 35. Re2 Rxe2+ 36.
Kxe2 Rxg2+ 37. Kd3 Qg6+ 38. Kd4 Qe4# 0-1

[Event "*** Titled Tuesday Blitz"]
[Site "Chess.com"]
[Date "2021.04.27"]
[Round "1"]
[White "Bigfish1995"]
[Black "alexgo05"]
[Result "1-0"]
[WhiteElo "2986"]
[BlackElo "2466"]
[TimeControl "180+1"]
[EndTime "10:07:06 PDT"]
[Termination "Bigfish1995 won by resignation"]

1. d4 Nf6 2. c4 g6 3. g3 Bg7 4. Bg2 O-O 5. Nc3 d6 6. Nf3 Nc6 7. O-O a6 8. Bf4 h6 9. d5 Nb8 10. Qc1 Kh7 11. e4 e5 12. dxe6 Bxe6 13. Rd1 Qc8 14. b3 Nc6 15. e5 dxe5 16. Nxe5 Nxe5 17. Bxe5 Bg4 18. Re1 c6 19. Na4 Qf5 20. Qb1 Rfe8 21. Qxf5 Bxf5 22. Rad1 Rad8 23. Rxd8 Rxd8 24. Nc5 Bc8 25. h3 Nd7 26. Bc7 Rf8 27. Nd3 Nf6 28. g4 Re8 29. Rd1 Nd7 30. Bd6 Ne5 31. Re1 f6 32. f4 Rd8 33. fxe5 fxe5 34. c5 e4 35. Bxe4 1-0

[Event "*** Titled Tuesday Blitz"]
[Site "Chess.com"]
[Date "2021.04.27"]
[Round "1"]
[White "Manukyan_Artak"]
[Black "AryanTari"]
[Result "0-1"]
[WhiteElo "2452"]
[BlackElo "2900"]
[TimeControl "180+1"]
[EndTime "10:07:08 PDT"]
[Termination "AryanTari won on time"]

1. e4 c6 2. d4 d5 3. e5 Bf5 4. c4 e6 5. Nc3 Ne7 6. Nf3 h6 7. Qb3 Qb6 8. c5 Qc7 9. h3 Nd7 10.
Bf4 g5 11. Bh2 Bg7 12. Rc1 O-O 13. Be2 Bg6 14. O-O Nf5 15. Nd1 b6 16. cxb6 axb6 17.
a3 c5 18. Ne3 c4 19. Qd1 Nxe3 20. fxe3 b5 21. Ne1 Qb6 22. Nc2 Nb8 23. h4 Nc6 24.
hxg5 hxg5 25. Bh5 Bd3 26. Rf2 b4 27. Nxb4 Nxb4 28. axb4 Qxb4 29. Qg4 Ra2 30. Qxg5 Rxb2 31. Bg3 Rxf2 32. Bxf2 Qd2 33. Ra1 c3 34. Ra7 c2 0-1

[Event "*** Titled Tuesday Blitz"]
[Site "Chess.com"]
[Date "2021.04.27"]
[Round "1"]
[White "WonderChampion"]
[Black "woodhy"]
[Result "0-1"]
[WhiteElo "2093"]
[BlackElo "2504"]
[TimeControl "180+1"]
[EndTime "10:07:08 PDT"]
[Termination "woodhy won by resignation"]

1. d4 Nf6 2. Bg5 Ne4 3. Bf4 c5 4. f3 Qa5+ 5. c3 Nf6 6. d5 d6 7.
e4 g6 8. Nd2 Bg7 9. Bd3 Qc7 10.
Ne2 a6 11. O-O b5 12. c4 O-O 13. Rc1 Nh5 14. Be3 Bxb2 15. Rb1 Bg7 16. cxb5 axb5 17. Bxb5 Rxa2 18. Bc4 Ra3 19. Bf2 Ba6 20. Bxa6 Nxa6 21. Nc4 Ra2 22. Ng3 Nf4 23. Be3 Nxg2 24. Bd2 Nh4 25.
Bg5 Bf6 26. Bxf6 exf6 27. Nb2 Nb4 28. Qe1 Qd7 29. Qf2 Qh3 30. Ne2 Ra3 31. Qg3 Rxf3 32. Rxf3 Nxf3+ 33. Kf2 Qxg3+ 34. hxg3 Nd2 35. Rd1 Nxe4+ 36.
Ke3 Re8 37. Kf3 Ng5+ 38. Kf2 Re5 39. Nf4 Ne4+ 40. Kf3 Nc3 41. Rc1 Ncxd5 42. Nc4 Rf5 43. Rb1 Nxf4 44. gxf4 Nd5 0-1

[Event "*** Titled Tuesday Blitz"]
[Site "Chess.com"]
[Date "2021.04.27"]
[Round "1"]
[White "Mihnea2017"]
[Black "Zhigalko_Sergei"]
[Result "0-1"]
[WhiteElo "2459"]
[BlackElo "2936"]
[TimeControl "180+1"]
[EndTime "10:07:09 PDT"]
[Termination "Zhigalko_Sergei won by resignation"]

1. e4 c5 2. Nf3 Nc6 3. d4 cxd4 4. Nxd4 Nf6 5. Nc3 e5 6. Ndb5 d6 7. Nd5 Nxd5 8. exd5 Nb8 9. a4 Be7 10. Be2 O-O 11. Bd2 f5 12. a5 Nd7 13. Bb4 Nf6 14.
Qd2 f4 15. f3 Bf5 16. g4 Bg6 17. h4 a6 18. Na3 e4 19. O-O-O Rc8 20. h5 Bf7 21. h6 Nxd5 22. hxg7 Re8 23. fxe4 f3 24. Kb1 Bg5 25. Qd4 fxe2 26. exd5 exd1=Q+ 27. Qxd1 Bg6 28. Ka2 Bf6 29. c3 Bxg7 30. Qf3 Re4 31. Qh3 Qd7 32. Qh4 Rxg4 33. Qh2 Be5 34. Qd2 Rf8 35. Re1 Rf5 36. Nc4 0-1

[Event "*** Titled Tuesday Blitz"]
[Site "Chess.com"]
[Date "2021.04.27"]
[Round "1"]
[White "Rap_woyska"]
[Black "UmbertoConcelli"]
[Result "0-1"]
[WhiteElo "2430"]
[BlackElo "2832"]
[TimeControl "180+1"]
[EndTime "10:07:09 PDT"]
[Termination "UmbertoConcelli won by resignation"]

1. c4 Nf6 2. Nf3 c5 3. Nc3 e6 4. e3 d5 5. d4 Nc6 6. cxd5 exd5 7. Bb5 Bd6 8. O-O O-O 9. dxc5 Bxc5 10. b3 Bg4 11. Bb2 a6 12. Be2 Bd6 13. h3 Bh5 14. Nh4 Bg6 15. Bf3 Be5 16. Nxg6 hxg6 17. Rb1 Bxc3 18.
Bxc3 Ne4 19. Ba1 Qa5 20. a4 Rad8 21. Qd3 Nd2 22. Bc3 Nxf3+ 23. gxf3 Qc7 24. Rbc1 Qd7 25. Kg2 Rfe8 26. Bd4 g5 27. Rc5 Re6 28. Rh1 Rh6 29.
Qd2 Re8 30. b4 Rh4 31. b5 axb5 32.
axb5 Nxd4 33. exd4 Rf4 34. b6 Qf5 35. Rc3 Re6 36.
Re1 Rxb6 37. Re8+ Kh7 38. Qe3 Rh6 39. Kf1 Qxh3+ 40. Ke2 Qf5 41. Rcc8 Ra6 42. Rh8+ Kg6 43. Kf1 Rxf3 0-1

[Event "*** Titled Tuesday Blitz"]
[Site "Chess.com"]
[Date "2021.04.27"]
[Round "1"]
[White "Vesper2018"]
[Black "volunteers1998"]
[Result "1-0"]
[WhiteElo "2537"]
[BlackElo "2197"]
[TimeControl "180+1"]
[EndTime "10:07:09 PDT"]
[Termination "Vesper2018 won on time"]

1. e4 c5 2. Nc3 Nc6 3. Bb5 g6 4.
Bxc6 bxc6 5. f4 Bg7 6. d3 d5 7. e5 e6 8. Nf3 Ne7 9. O-O O-O 10. Rb1 a5 11. a4 Ba6 12. b3 Nf5 13.
Ne2 Rb8 14. g4 Nh4 15. Ba3 Nxf3+ 16. Rxf3 Qb6 17. c4 d4 18. Qe1 f5 19. exf6 Bxf6 20. Ng3 Bc8 21. Ne4 Bg7 22. Bxc5 Qd8 23. Bxf8 Qxf8 24.
Ng5 Qe7 25. Qe4 e5 26. Rf2 Bxg4 27. Qxc6 Rf8 28. Re1 Kh8 29. Qg2 Bf5 30. fxe5 h6 31. Ne4 Qxe5 32. Ref1 Rb8 33. c5 Rxb3 34. c6 Rxd3 35. Ng3 Bg4 36. Rc2 1-0

[Event "*** Titled Tuesday Blitz"]
[Site "Chess.com"]
[Date "2021.04.27"]
[Round "1"]
[White "AsaHoffmann"]
[Black "gurelediz"]
[Result "0-1"]
[WhiteElo "2340"]
[BlackElo "2673"]
[TimeControl "180+1"]
[EndTime "10:07:10 PDT"]
[Termination "gurelediz won by resignation"]

1. d4 Nf6 2. Bg5 e6 3. e3 Be7 4. Bd3 c5 5. c3 Nc6 6. Nd2 d6 7. Ngf3 h6 8. Bh4 e5 9. dxe5 dxe5 10. Bb5 Bd7 11. O-O Qc7 12. Bg3 O-O 13. Bxc6 Bxc6 14.
Nxe5 Qc8 15. Nxc6 Qxc6 16. Qf3 Qb5 17. Ne4 Qxb2 18. Rab1 Qc2 19. Rxb7 Nxe4 20. Rxe7 Nd2 21. Qe2 Qxc3 22. Rd1 Rad8 23. Rxa7 Ne4 24. Qe1 Rxd1 25. Qxd1 Qb2 26. Re7 Nc3 27. Qe1 Ne2+ 28. Kh1 c4 29.
Rc7 Qxa2 30. Be5 Rb8 31. Rd7 Rb1 32. Rd1 Rxd1 33. Qxd1 c3 34. g3 c2 35. Qxe2 c1=Q+ 36. Kg2 Qxe2 0-1